[Event "African Games-chT 2019"]
[Site "Casablanca"]
[Date "2019.08.25"]
[Round "9.4"]
[White "Msukwa, Tupokiwe"]
[Black "Wafa, Shahenda"]
[Result "0-1"]
[ECO "A85"]
[WhiteElo "1289"]
[BlackElo "2139"]
[Annotator "NA"]
[PlyCount "44"]
[EventDate "2019.08.24"]
[EventType "team-tourn"]
[EventCountry "MAR"]
[SourceTitle "playchess.com"]
[Source "ChessBase"]
[SourceQuality "1"]
[WhiteTeam "MAW"]
[BlackTeam "Egypt"]
[BlackTeamCountry "EGY"]
[TimeControl "900+10"]

1. d4 f5 2. c4 Nf6 3. Nc3 d6 4. Bf4 g6 5. Nf3 Bg7 6. h3 c6 7. e3 O-O 8. Be2 a5 9. O-O Na6 10. a3 Qe8 11. Rc1 Nh5 12. Bh2 e5 13. dxe5 dxe5 14. Qc2 Qe7 15. e4 f4 16. Rfd1 Nf6 17. Na4 Nc5 18. Nxc5 Qxc5 19. b4 axb4 20. axb4 Qe7 21. c5 h6 22. Bc4+ Kh7 0-1

[Event "African Games-chT 2019"]
[Site "Casablanca"]
[Date "2019.08.25"]
[Round "9.5"]
[White "Bellahcene, Bilel"]
[Black "Mesfin, Leykun"]
[Result "1-0"]
[ECO "B99"]
[WhiteElo "2550"]
[BlackElo "2151"]
[Annotator "ChessBase"]
[PlyCount "79"]
[EventDate "2019.08.24"]
[EventType "team-tourn"]
[EventCountry "MAR"]
[SourceTitle "playchess.com"]
[Source "ChessBase"]
[SourceQuality "1"]
[WhiteTeam "Algeria"]
[BlackTeam "Ethiopia"]
[WhiteTeamCountry "ALG"]
[BlackTeamCountry "ETH"]
[TimeControl "900+10"]

1. e4 c5 2. Nf3 d6 3. d4 cxd4 4. Nxd4 Nf6 5. Nc3 a6 6. Bg5 e6 7. f4 Be7 8. Qf3 Nbd7 9. O-O-O Qc7 10. g4 b5 11. Bxf6 Nxf6 12. g5 Nd7 13. h4 Bb7 14. a3 Rc8 15. f5 Ne5 16. Qg2 exf5 17. Nxf5 g6 18. Ne3 Qc5 19. Ned5 Bxd5 20. Nxd5 a5 21. Kb1 b4 22. a4 Nc4 23. Bxc4 Qxc4 24. Nb6 Qc6 25. Nxc8 Qxc8 26. h5 Rf8 27. e5 dxe5 28. Qd5 Rg8 29. hxg6 hxg6 30. Qxe5 Kf8 31. Rh8 b3 32. cxb3 Qf5+ 33. Qxf5 gxf5 34. Rxg8+ Kxg8 35. Rd5 f4 36. Rxa5 Kg7 37. Rf5 Bd6 38. a5 Bb8 39. a6 Kg6 40. Rxf4 1-0

[Event "African Games-chT 2019"]
[Site "Casablanca"]
[Date "2019.08.25"]
[Round "9.6"]
[White "Gole, Habtamu Ashenafi"]
[Black "Arab, Adlane"]
[Result "0-1"]
[ECO "E00"]
[WhiteElo "2046"]
[BlackElo "2485"]
[Annotator "ChessBase"]
[PlyCount "92"]
[EventDate "2019.08.24"]
[EventType "team-tourn"]
[EventCountry "MAR"]
[SourceTitle "playchess.com"]
[Source "ChessBase"]
[SourceQuality "1"]
[WhiteTeam "Ethiopia"]
[BlackTeam "Algeria"]
[WhiteTeamCountry "ETH"]
[BlackTeamCountry "ALG"]
[TimeControl "900+10"]

1. d4 Nf6 2. c4 e6 3. a3 c5 4. d5 exd5 5. cxd5 d6 6. Nc3 g6 7. e4 Bg7 8. Bd3 O-O 9. Nge2 a6 10. a4 Nbd7 11. O-O Re8 12. Ng3 Ne5 13. Bc2 Rb8 14. h3 b5 15. f4 Ned7 16. axb5 axb5 17. Qf3 b4 18. Nd1 Qb6 19. Kh1 Ba6 20. Re1 Nxd5 21. e5 Bb7 22. Be4 Nc7 23. Ne3 Bxe4 24. Nxe4 dxe5 25. Nc4 Qe6 26. Ncd6 Red8 27. f5 gxf5 28. Nxf5 Kh8 29. Ng5 Qf6 30. Rf1 Ne6 31. Nxh7 Qg6 32. Ne7 Qxh7 33. Qxf7 Ndf8 34. Rf5 Rd1+ 35. Kh2 Bh6 36. Bxh6 Qxf7 37. Rxf7 Rxa1 38. Nd5 Kg8 39. Re7 Rf1 40. Ra7 Rf7 41. Ra5 c4 42. Ne3 c3 43. bxc3 b3 44. Nc4 b2 45. Nxb2 Rxb2 46. Rxe5 Rff2 0-1

[Event "African Games-chT 2019"]
[Site "Casablanca"]
[Date "2019.08.25"]
[Round "9.7"]
[White "Nassr, Lina"]
[Black "Haile, Lidet Abate"]
[Result "1-0"]
[ECO "D02"]
[WhiteElo "1938"]
[BlackElo "1593"]
[Annotator "NA"]
[PlyCount "49"]
[EventDate "2019.08.24"]
[EventType "team-tourn"]
[EventCountry "MAR"]
[SourceTitle "playchess.com"]
[Source "ChessBase"]
[SourceQuality "1"]
[WhiteTeam "Algeria"]
[BlackTeam "Ethiopia"]
[WhiteTeamCountry "ALG"]
[BlackTeamCountry "ETH"]
[TimeControl "900+10"]

1. d4 d5 2. Nf3 Bf5 3. e3 h6 4. c4 e6 5. Nc3 Nf6 6. Be2 Nbd7 7. cxd5 exd5 8. Qb3 Nb6 9. a4 a5 10. O-O Bb4 11. Ne5 O-O 12. Nd3 Be7 13. Nc5 Nbd7 14. Nxb7 Qb8 15. Nxd5 Nxd5 16. Qxd5 Be6 17. Qb5 Ra7 18. Nc5 Qxb5 19. axb5 Nxc5 20. dxc5 Bxc5 21. Bd2 Bb6 22. Rfc1 Rd8 23. Bc3 Bb3 24. Ra3 Be6 25. Rca1 1-0

[Event "African Games-chT 2019"]
[Site "Casablanca"]
[Date "2019.08.25"]
[Round "9.8"]
[White "Eshete, Ruth Leykun"]
[Black "Latreche, Sabrina"]
[Result "0-1"]
[ECO "E00"]
[WhiteElo "1495"]
[BlackElo "2064"]
[Annotator "NA"]
[PlyCount "56"]
[EventDate "2019.08.24"]
[EventType "team-tourn"]
[EventCountry "MAR"]
[SourceTitle "playchess.com"]
[Source "ChessBase"]
[SourceQuality "1"]
[WhiteTeam "Ethiopia"]
[BlackTeam "Algeria"]
[WhiteTeamCountry "ETH"]
[BlackTeamCountry "ALG"]
[TimeControl "900+10"]

1. d4 Nf6 2. c4 e6 3. a3 d5 4. Nc3 c6 5. Bg5 h6 6. Bh4 g5 7. Bg3 dxc4 8. e3 b5 9. Qf3 Nd5 10. Nge2 Bg7 11. a4 Qa5 12. Kd1 O-O 13. e4 Nxc3+ 14. Qxc3 Qxc3 15. bxc3 Nd7 16. e5 Nb6 17. axb5 cxb5 18. Kc2 a5 19. f4 f6 20. Bf2 Nd5 21. g3 fxe5 22. dxe5 gxf4 23. gxf4 Nxf4 24. Bc5 Rf7 25. Bd4 Bb7 26. Rg1 Be4+ 27. Kb2 Nd3+ 28. Kc2 Kh7 0-1

[Event "African Games-chT 2019"]
[Site "Casablanca"]
[Date "2019.08.25"]
[Round "9.9"]
[White "Oatlhotse, Providence"]
[Black "Makoto, Rodwell"]
[Result "1/2-1/2"]
[ECO "A36"]
[WhiteElo "2252"]
[BlackElo "2373"]
[Annotator "NA"]
[PlyCount "136"]
[EventDate "2019.08.24"]
[EventType "team-tourn"]
[EventCountry "MAR"]
[SourceTitle "playchess.com"]
[Source "ChessBase"]
[SourceQuality "1"]
[WhiteTeam "Botswana"]
[BlackTeam "Zimbabwe"]
[WhiteTeamCountry "BOT"]
[BlackTeamCountry "ZIM"]
[TimeControl "900+10"]

1. c4 c5 2. g3 Nc6 3. Bg2 g6 4. Nc3 Bg7 5. d3 e6 6. e3 Nge7 7. Nge2 O-O 8. O-O d5 9. cxd5 exd5 10. Nf4 d4 11. Ne4 b6 12. Qb3 Rb8 13. Bd2 Bb7 14. Ng5 dxe3 15. fxe3 Na5 16. Bxa5 Bxg2 17. Bc3 Bxc3 18. Nxg2 Nf5 19. Nxf7 Rxf7 20. Qxc3 Qe7 21. Rae1 Re8 22. Rf2 Qe5 23. Qxe5 Rxe5 24. Rfe2 Rd7 25. Rd2 Rde7 26. Rde2 Rd7 27. g4 Nh6 28. d4 cxd4 29. exd4 Rxe2 30. Rxe2 Nxg4 31. Rd2 Kf7 32. h3 Nf6 33. Ne3 Ne4 34. Rd1 Ng5 35. Kg2 Ke6 36. d5+ Kd6 37. b4 b5 38. Rc1 Ke5 39. Ng4+ Kd4 40. Rd1+ Kc3 41. Nf6 Rd6 42. Ne8 Rd8 43. Nc7 Kxb4 44. h4 Nf7 45. Rb1+ Kc4 46. Rc1+ Kb4 47. Rb1+ Kc4 48. Rc1+ Kb4 49. Rb1+ Kc4 50. Rc1+ Kb4 51. Rb1+ Kc4 52. Rxb5 Rd7 53. Rb7 a5 54. Ra7 Nd6 55. Kf3 Nc8 56. Rb7 Ne7 57. d6 Nf5 58. Rb6 Nxd6 59. Ne6 Nf5 60. Rc6+ Kd5 61. Ra6 Nxh4+ 62. Kg4 Nf5 63. Nf4+ Ke4 64. Rxa5 Ne3+ 65. Kg3 Nf5+ 66. Kg4 Ne3+ 67. Kg3 Nf5+ 68. Kg4 Ne3+ 1/2-1/2

[Event "African Games-chT 2019"]
[Site "Casablanca"]
[Date "2019.08.25"]
[Round "9.10"]
[White "Mushore, Emarald Takudzwa"]
[Black "Khetho, Phemelo"]
[Result "1/2-1/2"]
[ECO "C42"]
[WhiteElo "2198"]
[BlackElo "2178"]
[Annotator "NA"]
[PlyCount "51"]
[EventDate "2019.08.24"]
[EventType "team-tourn"]
[EventCountry "MAR"]
[SourceTitle "playchess.com"]
[Source "ChessBase"]
[SourceQuality "1"]
[WhiteTeam "Zimbabwe"]
[BlackTeam "Botswana"]
[WhiteTeamCountry "ZIM"]
[BlackTeamCountry "BOT"]
[TimeControl "900+10"]

1. e4 e5 2. Nf3 Nf6 3. Nxe5 d6 4. Nf3 Nxe4 5. Nc3 Nxc3 6. dxc3 Be7 7. Be3 Be6 8. Qd2 Qd7 9. O-O-O a6 10. Kb1 Nc6 11. Nd4 Nxd4 12. cxd4 d5 13. Bg5 O-O-O 14. Bd3 h6 15. Bxe7 Qxe7 16. Rhe1 Qh4 17. f4 Qxh2 18. f5 Bd7 19. Re7 Rhf8 20. Qb4 Qd6 21. Qxd6 cxd6 22. Re3 f6 23. Kc1 Rde8 24. Rg3 Re7 25. Kd2 Rfe8 26. Rf1 1/2-1/2

[Event "African Games-chT 2019"]
[Site "Casablanca"]
[Date "2019.08.25"]
[Round "9.11"]
[White "Francis, Onkemetse"]
[Black "Shaba, Linda"]
[Result "1-0"]
[ECO "C05"]
[WhiteElo "1792"]
[BlackElo "1615"]
[Annotator "NA"]
[PlyCount "78"]
[EventDate "2019.08.24"]
[EventType "team-tourn"]
[EventCountry "MAR"]
[SourceTitle "playchess.com"]
[Source "ChessBase"]
[SourceQuality "1"]
[WhiteTeam "Botswana"]
[BlackTeam "Zimbabwe"]
[WhiteTeamCountry "BOT"]
[BlackTeamCountry "ZIM"]
[TimeControl "900+10"]

1. e4 e6 2. d4 d5 3. Nd2 Nf6 4. e5 Nfd7 5. f4 c5 6. c3 Nc6 7. Ngf3 cxd4 8. cxd4 Bb4 9. a3 Be7 10. Be2 O-O 11. O-O f6 12. Nb3 Qb6 13. Kh1 a5 14. Qd3 a4 15. Nbd2 Na5 16. Qb5 Qxb5 17. Bxb5 Nb6 18. Rb1 Bd7 19. Bxd7 Nxd7 20. b4 axb3 21. Nxb3 Nc4 22. Nbd2 Nxd2 23. Bxd2 Rfb8 24. Bb4 Bxb4 25. axb4 Nb6 26. Ra1 Nc4 27. h3 Kf7 28. Kh2 Rc8 29. Rfe1 Rcb8 30. Kg3 Rc8 31. Ng1 Rcb8 32. Ne2 Rc8 33. Kh2 Nd2 34. Rec1 Nc4 35. Ng1 Rcb8 36. Ne2 Rc8 37. Kg1 Rcb8 38. Nc3 Rc8 39. Na4 Ne3 1-0

[Event "African Games-chT 2019"]
[Site "Casablanca"]
[Date "2019.08.25"]
[Round "9.12"]
[White "Wakuruwarewa, Colletta"]
[Black "Gabatshwarwe Refilwe"]
[Result "1-0"]
[ECO "C54"]
[WhiteElo "1587"]
[BlackElo "1649"]
[Annotator "NA"]
[PlyCount "53"]
[EventDate "2019.08.24"]
[EventType "team-tourn"]
[EventCountry "MAR"]
[SourceTitle "playchess.com"]
[Source "ChessBase"]
[SourceQuality "1"]
[WhiteTeam "Zimbabwe"]
[BlackTeam "Botswana"]
[WhiteTeamCountry "ZIM"]
[BlackTeamCountry "BOT"]
[TimeControl "900+10"]

1. e4 e5 2. Nf3 Nc6 3. Bc4 Bc5 4. c3 Nf6 5. d3 a6 6. h3 d6 7. O-O Ba7 8. Re1 h6 9. Be3 Bxe3 10. Rxe3 Be6 11. Nbd2 Na5 12. Bxe6 fxe6 13. Nh2 Qe7 14. Qa4+ Nc6 15. Ndf3 g5 16. d4 b5 17. Qd1 exd4 18. cxd4 O-O 19. Qc2 Na7 20. e5 Ne8 21. Qg6+ Ng7 22. Ng4 Kh8 23. Qxh6+ Kg8 24. Qg6 Kh8 25. Nxg5 Nf5 26. Qh5+ Kg8 27. Rf3 1-0

[Event "African Games-chT 2019"]
[Site "Casablanca"]
[Date "2019.08.25"]
[Round "9.13"]
[White "Hamdouchi, Hicham"]
[Black "Chumfwa, Stanley"]
[Result "1-0"]
[ECO "B23"]
[WhiteElo "2562"]
[BlackElo "2317"]
[Annotator "ChessBase"]
[PlyCount "179"]
[EventDate "2019.08.24"]
[EventType "team-tourn"]
[EventCountry "MAR"]
[SourceTitle "playchess.com"]
[Source "ChessBase"]
[SourceQuality "1"]
[WhiteTeam "Morocco"]
[BlackTeam "Zambia"]
[WhiteTeamCountry "MAR"]
[BlackTeamCountry "ZAM"]
[TimeControl "900+10"]

1. e4 c5 2. Nc3 d6 3. f4 Nc6 4. Nf3 g6 5. Bb5 Bg7 6. O-O Nf6 7. Bxc6+ bxc6 8. d3 O-O 9. Qe1 Rb8 10. b3 Ne8 11. Bd2 Nc7 12. f5 gxf5 13. Qg3 f6 14. exf5 Bxf5 15. Nh4 Bd7 16. Ne4 Kh8 17. Rae1 Nd5 18. a3 Rb7 19. c4 Nc7 20. b4 cxb4 21. axb4 Na6 22. Rb1 d5 23. Nf2 dxc4 24. dxc4 Be6 25. Rfd1 Rd7 26. Qc3 f5 27. Qc2 Qe8 28. Bc3 Rxd1+ 29. Rxd1 Qh5 30. Bxg7+ Kxg7 31. Nf3 Nb8 32. Re1 Qh6 33. Nd4 Bc8 34. Rxe7+ Kg8 35. Qc3 Qf6 36. Rc7 Qe5 37. Qg3+ Qxg3 38. hxg3 Na6 39. Rxa7 Nxb4 40. Nh3 Rd8 41. Nf3 Ba6 42. Ne5 c5 43. Nf4 Re8 44. Nh5 Rxe5 45. Nf6+ Kf8 46. Nd7+ Ke7 47. Nxe5+ Ke6 48. Nd7 Kd6 49. Nb6 Kc6 50. Na4 Bxc4 51. Rxh7 Bb3 52. Nc3 c4 53. Kf2 Kc5 54. Rh5 Kd4 55. Nb5+ Ke4 56. Nd6+ Kd3 57. Nxc4 Bxc4 58. Rxf5 Ke4 59. g4 Be6 60. Rb5 Nd3+ 61. Kg3 Ne5 62. g5 Kf5 63. Kh4 Bf7 64. Ra5 Be8 65. Rc5 Bf7 66. Rb5 Be8 67. Rb8 Ng6+ 68. Kh5 Bf7 69. Rb5+ Kf4 70. Kh6 Nh4 71. Rb4+ Kg3 72. Kg7 Bd5 73. Kf6 Bxg2 74. Rd4 Bc6 75. Rc4 Bd5 76. Rb4 Ba2 77. Ra4 Bd5 78. Rb4 Ba2 79. Rb5 Bc4 80. Ra5 Bg8 81. Kg7 Bc4 82. Kh6 Be6 83. Rb5 Ba2 84. Ra5 Bc4 85. Ra7 Bd5 86. Rc7 Ba2 87. Kh5 Bd5 88. Rc3+ Bf3+ 89. Rxf3+ Nxf3 90. g6 1-0

[Event "African Games-chT 2019"]
[Site "Casablanca"]
[Date "2019.08.25"]
[Round "9.14"]
[White "Kayonde, Andrew"]
[Black "Tissir, Mohamed"]
[Result "1-0"]
[ECO "A46"]
[WhiteElo "2384"]
[BlackElo "2379"]
[Annotator "NA"]
[PlyCount "63"]
[EventDate "2019.08.24"]
[EventType "team-tourn"]
[EventCountry "MAR"]
[SourceTitle "playchess.com"]
[Source "ChessBase"]
[SourceQuality "1"]
[WhiteTeam "Zambia"]
[BlackTeam "Morocco"]
[WhiteTeamCountry "ZAM"]
[BlackTeamCountry "MAR"]
[TimeControl "900+10"]

1. d4 e6 2. Nf3 Nf6 3. e3 b6 4. Bd3 Bb7 5. O-O c5 6. c4 d6 7. Nc3 Nbd7 8. Ng5 Be7 9. f4 a6 10. Bc2 Qc7 11. d5 e5 12. a4 h6 13. Nf3 exf4 14. exf4 O-O-O 15. a5 Rde8 16. axb6 Nxb6 17. b3 Kb8 18. Na4 Ng4 19. Qd3 Bf6 20. Ra2 Nxa4 21. Rxa4 h5 22. h3 Nh6 23. Be3 Nf5 24. Bf2 g6 25. b4 Re7 26. Rb1 Rhe8 27. bxc5 dxc5 28. Rxa6 Bd4 29. Nxd4 cxd4 30. Qa3 Qxf4 31. Ra8+ Kc7 32. Rxb7+ 1-0

[Event "African Games-chT 2019"]
[Site "Casablanca"]
[Date "2019.08.25"]
[Round "9.15"]
[White "Mayar ElIdrissi, Firdaous"]
[Black "Mwango, Lorita"]
[Result "0-1"]
[ECO "B13"]
[WhiteElo "1760"]
[BlackElo "1947"]
[Annotator "NA"]
[PlyCount "64"]
[EventDate "2019.08.24"]
[EventType "team-tourn"]
[EventCountry "MAR"]
[SourceTitle "playchess.com"]
[Source "ChessBase"]
[SourceQuality "1"]
[WhiteTeam "Morocco"]
[BlackTeam "Zambia"]
[WhiteTeamCountry "MAR"]
[BlackTeamCountry "ZAM"]
[TimeControl "900+10"]

1. e4 c6 2. d4 d5 3. exd5 cxd5 4. Nf3 Nf6 5. Be2 Bf5 6. Nc3 e6 7. O-O Be7 8. Bf4 O-O 9. Nh4 Bg6 10. Nxg6 hxg6 11. Re1 Nc6 12. Qd2 a6 13. Be3 Rc8 14. a3 Qc7 15. h3 Rfd8 16. f4 Bd6 17. g4 Ne7 18. Bd3 Qd7 19. Qg2 Rc7 20. Kf2 Rdc8 21. Rh1 Kf8 22. Ne2 Qa4 23. Nc3 Qa5 24. Bd2 Qb6 25. Ne2 Ne4+ 26. Bxe4 dxe4 27. Qxe4 Rxc2 28. Bc3 Qb3 29. Kf1 Nd5 30. f5 gxf5 31. gxf5 exf5 32. Ke1 fxe4 0-1

[Event "African Games-chT 2019"]
[Site "Casablanca"]
[Date "2019.08.25"]
[Round "9.16"]
[White "Mululu Linah"]
[Black "Rania, Sbai"]
[Result "0-1"]
[ECO "D04"]
[WhiteElo "1633"]
[BlackElo "1853"]
[Annotator "NA"]
[PlyCount "32"]
[EventDate "2019.08.24"]
[EventType "team-tourn"]
[EventCountry "MAR"]
[SourceTitle "playchess.com"]
[Source "ChessBase"]
[SourceQuality "1"]
[WhiteTeam "Zambia"]
[BlackTeam "Morocco"]
[WhiteTeamCountry "ZAM"]
[BlackTeamCountry "MAR"]
[TimeControl "900+10"]

1. d4 d5 2. Nf3 Nf6 3. e3 Bg4 4. g3 c6 5. Bg2 Nbd7 6. Nbd2 Qc7 7. c4 e5 8. dxe5 Nxe5 9. Qb3 dxc4 10. Qc3 Nd3+ 11. Kf1 Rd8 12. Qxc4 Be6 13. Qa4 Bb4 14. Nd4 O-O 15. Ne4 Nd5 16. Qc2 Ne1 0-1

[Event "African Games-chT 2019"]
[Site "Casablanca"]
[Date "2019.08.25"]
[Round "9.17"]
[White "Adu, Oladapo"]
[Black "Zaibi, Amir"]
[Result "1-0"]
[ECO "B40"]
[WhiteElo "2273"]
[BlackElo "2367"]
[Annotator "NA"]
[PlyCount "107"]
[EventDate "2019.08.24"]
[EventType "team-tourn"]
[EventCountry "MAR"]
[SourceTitle "playchess.com"]
[Source "ChessBase"]
[SourceQuality "1"]
[WhiteTeam "Nigeria"]
[BlackTeam "Tunisia"]
[WhiteTeamCountry "NGR"]
[BlackTeamCountry "TUN"]
[TimeControl "900+10"]

1. e4 c5 2. Nf3 e6 3. d3 d5 4. Nbd2 Nc6 5. g3 Bd6 6. Bg2 Nge7 7. O-O O-O 8. Re1 f5 9. e5 Bc7 10. c3 f4 11. d4 cxd4 12. cxd4 a5 13. Nb3 fxg3 14. hxg3 b6 15. Be3 a4 16. Nbd2 a3 17. b3 Nb4 18. Nf1 Ba6 19. Qd2 Nd3 20. Red1 Nc6 21. N1h2 Qd7 22. Bf1 Ncb4 23. Ne1 Nxe1 24. Rxe1 Bxf1 25. Rxf1 Qb5 26. Rfc1 Rfc8 27. Rc3 Bd8 28. Rac1 Rxc3 29. Rxc3 Be7 30. Nf3 Qd7 31. Ne1 Rc8 32. Rxc8+ Qxc8 33. Kg2 Qa6 34. Bg5 Bf8 35. Be3 h6 36. Bf4 Qb5 37. Be3 Qa6 38. Bf4 Qb5 39. Be3 Nc6 40. Nd3 Bb4 41. Qd1 Bc3 42. Nf4 Nb4 43. Qg4 Qd7 44. Nxe6 Nxa2 45. Bxh6 Nb4 46. Bxg7 a2 47. Bf6+ Kf7 48. Nd8+ Qxd8 49. Qg7+ Ke6 50. Bxd8 Nc6 51. Qf6+ Kd7 52. Qd6+ Ke8 53. Qxc6+ Kxd8 54. Qxc3 1-0

[Event "African Games-chT 2019"]
[Site "Casablanca"]
[Date "2019.08.25"]
[Round "9.18"]
[White "Boudriga, Mohamed Ali"]
[Black "Osunfuyi, Abimbola"]
[Result "1/2-1/2"]
[ECO "B51"]
[WhiteElo "2325"]
[BlackElo "2235"]
[Annotator "NA"]
[PlyCount "96"]
[EventDate "2019.08.24"]
[EventType "team-tourn"]
[EventCountry "MAR"]
[SourceTitle "playchess.com"]
[Source "ChessBase"]
[SourceQuality "1"]
[WhiteTeam "Tunisia"]
[BlackTeam "Nigeria"]
[WhiteTeamCountry "TUN"]
[BlackTeamCountry "NGR"]
[TimeControl "900+10"]

1. e4 c5 2. Nf3 d6 3. Bb5+ Nd7 4. c4 Ngf6 5. d3 a6 6. Ba4 Rb8 7. Nc3 g6 8. O-O Bg7 9. h3 O-O 10. Be3 Ne8 11. d4 b6 12. Qe2 Nc7 13. Rfd1 Ne6 14. d5 Nc7 15. Bc6 Ne5 16. Nxe5 dxe5 17. Rab1 Qd6 18. a3 f5 19. f3 f4 20. Bf2 a5 21. b4 cxb4 22. axb4 axb4 23. Na4 Na6 24. Nxb6 Nc5 25. Na4 Nxa4 26. Bxa4 Ba6 27. Qc2 g5 28. c5 Qg6 29. Bd7 h5 30. c6 Bc8 31. Bxc8 Rfxc8 32. Qc4 Kh8 33. Rxb4 Rxb4 34. Qxb4 g4 35. hxg4 hxg4 36. fxg4 Qxg4 37. Rd3 Bf6 38. Rh3+ Kg7 39. Qb3 Ra8 40. Qf3 Ra1+ 41. Kh2 Qxf3 42. Rxf3 Rc1 43. Kh3 Kf7 44. Rb3 e6 45. Rb7+ Kg6 46. c7 exd5 47. exd5 Kf5 48. d6 Rh1# 1/2-1/2

[Event "African Games-chT 2019"]
[Site "Casablanca"]
[Date "2019.08.25"]
[Round "9.19"]
[White "Ogbiyoyo, Perpetual Eloho"]
[Black "Marzouk, Amira"]
[Result "0-1"]
[ECO "B23"]
[WhiteElo "1831"]
[BlackElo "1698"]
[Annotator "NA"]
[PlyCount "83"]
[EventDate "2019.08.24"]
[EventType "team-tourn"]
[EventCountry "MAR"]
[SourceTitle "playchess.com"]
[Source "ChessBase"]
[SourceQuality "1"]
[WhiteTeam "Nigeria"]
[BlackTeam "Tunisia"]
[WhiteTeamCountry "NGR"]
[BlackTeamCountry "TUN"]
[TimeControl "900+10"]

1. e4 c5 2. Nc3 d6 3. f4 a6 4. g3 Nc6 5. Bg2 Nf6 6. Nh3 g6 7. O-O Bg7 8. d3 h5 9. Nf2 Bd7 10. h3 Nd4 11. Ne2 Nxe2+ 12. Qxe2 Bc6 13. e5 dxe5 14. fxe5 Nd5 15. e6 f5 16. c4 Nc7 17. Bxc6+ bxc6 18. Qf3 O-O 19. Qxc6 Bd4 20. Bf4 Rc8 21. Rad1 Rf6 22. Bxc7 Qxc7 23. Qxc7 Rxc7 24. b3 Rxe6 25. Rfe1 Rxe1+ 26. Rxe1 Kf7 27. Kg2 Rc6 28. h4 Re6 29. Rxe6 Kxe6 30. Nh3 Be3 31. Kf3 Bc1 32. a4 Ke5 33. Ng1 Bh6 34. Ne2 e6 35. Kg2 Bd2 36. Kf3 Bh6 37. Kg2 Bd2 38. Kf3 Bh6 39. Kf2 Bd2 40. Kf3 Bh6 41. Kf2 Bd2 42. Kf3 0-1

[Event "African Games-chT 2019"]
[Site "Casablanca"]
[Date "2019.08.25"]
[Round "9.20"]
[White "Miladi, Amen"]
[Black "Ofowino, Toritsemuwa"]
[Result "0-1"]
[ECO "B00"]
[WhiteElo "1811"]
[BlackElo "1877"]
[Annotator "NA"]
[PlyCount "112"]
[EventDate "2019.08.24"]
[EventType "team-tourn"]
[EventCountry "MAR"]
[SourceTitle "playchess.com"]
[Source "ChessBase"]
[SourceQuality "1"]
[WhiteTeam "Tunisia"]
[BlackTeam "Nigeria"]
[WhiteTeamCountry "TUN"]
[BlackTeamCountry "NGR"]
[TimeControl "900+10"]

1. e4 d6 2. d4 Nf6 3. Bd3 c6 4. Bg5 Qa5+ 5. Qd2 Qxd2+ 6. Nxd2 h6 7. Bh4 g5 8. Bg3 Nh5 9. Ne2 Bg7 10. f3 Nxg3 11. hxg3 Nd7 12. O-O-O Nb6 13. f4 Bg4 14. Nf3 O-O-O 15. fxg5 Bxf3 16. gxf3 hxg5 17. c3 Rxh1 18. Rxh1 Rh8 19. Rxh8+ Bxh8 20. f4 gxf4 21. gxf4 Bg7 22. e5 dxe5 23. fxe5 Bh6+ 24. Kc2 Nd5 25. Bf5+ e6 26. Bh7 Kd7 27. c4 Ne7 28. Ng3 Nc8 29. Ne4 b6 30. Nf6+ Kd8 31. Kd3 Bg5 32. Ne4 Bc1 33. b3 Ke7 34. Nf6 Bg5 35. Ng4 Kf8 36. Be4 Ne7 37. Nf6 Bxf6 38. exf6 Ng8 39. Bxc6 Nxf6 40. d5 Ke7 41. Kd4 Kd6 42. b4 exd5 43. cxd5 Ng8 44. Be8 f5 45. Bf7 Ne7 46. Be6 f4 47. a3 f3 48. Ke3 Nxd5+ 49. Bxd5 Kxd5 50. Kxf3 Kc4 51. Ke4 Kb3 52. Kd5 Kxa3 53. b5 Kb4 54. Kc6 Kc4 55. Kb7 Kxb5 56. Kxa7 Kc5 0-1

[Event "African Games-chT 2019"]
[Site "Casablanca"]
[Date "2019.08.25"]
[Round "9.22"]
[White "Ebosse, Kingue Victor Patric"]
[Black "Traore, Bakary"]
[Result "0-1"]
[ECO "C42"]
[WhiteElo "2055"]
[BlackElo "2189"]
[Annotator "NA"]
[PlyCount "48"]
[EventDate "2019.08.24"]
[EventType "team-tourn"]
[EventCountry "MAR"]
[SourceTitle "playchess.com"]
[Source "ChessBase"]
[SourceQuality "1"]
[WhiteTeam "CMR"]
[BlackTeam "Mali"]
[BlackTeamCountry "MLI"]
[TimeControl "900+10"]

1. e4 e5 2. Nf3 Nf6 3. Nxe5 d6 4. Nf3 Nxe4 5. d4 d5 6. Bd3 Be7 7. O-O Nc6 8. Re1 Bg4 9. c3 O-O 10. Nbd2 f5 11. h3 Bh5 12. Qb3 Kh8 13. Qxb7 Qd6 14. Ne5 Nxe5 15. dxe5 Qxe5 16. Nf3 Bxf3 17. gxf3 Rab8 18. Qxa7 Bh4 19. fxe4 fxe4 20. Re2 Rb6 21. Bc2 Qh5 22. Kf1 Qf3 23. Ke1 Bxf2+ 24. Kd2 e3+ 0-1

[Event "African Games-chT 2019"]
[Site "Casablanca"]
[Date "2019.08.25"]
[Round "9.25"]
[White "Rita, Jeorciley"]
[Black "Marie, Patrick"]
[Result "0-1"]
[ECO "A46"]
[WhiteElo "1920"]
[BlackElo "1921"]
[Annotator "NA"]
[PlyCount "54"]
[EventDate "2019.08.24"]
[EventType "team-tourn"]
[EventCountry "MAR"]
[SourceTitle "playchess.com"]
[Source "ChessBase"]
[SourceQuality "1"]
[WhiteTeam "STP"]
[BlackTeam "Mauritius"]
[BlackTeamCountry "MRI"]
[TimeControl "900+10"]

1. d4 Nf6 2. Nf3 e6 3. Bg5 Be7 4. e3 O-O 5. Bd3 b6 6. Nbd2 Bb7 7. c3 d6 8. Qc2 Nbd7 9. h3 c5 10. O-O cxd4 11. exd4 h6 12. Bh4 Rc8 13. Nh2 Nd5 14. Bxe7 Qxe7 15. a3 Nf4 16. Be4 Nf6 17. Bxb7 Qxb7 18. Nhf3 Qd5 19. Rae1 Qh5 20. Re3 N6d5 21. Ree1 f5 22. Nh2 Rf6 23. Qd1 Qg5 24. Qf3 Rg6 25. g3 Nxh3+ 26. Kh1 Qxd2 27. Qh5 Nxf2+ 0-1

[Event "African Games-chT 2019"]
[Site "Casablanca"]
[Date "2019.08.25"]
[Round "9.26"]
[White "Naipal, Hoolan"]
[Black "Espirito Santo, Waldyr"]
[Result "0-1"]
[ECO "C65"]
[WhiteElo "1785"]
[BlackElo "1923"]
[Annotator "NA"]
[PlyCount "94"]
[EventDate "2019.08.24"]
[EventType "team-tourn"]
[EventCountry "MAR"]
[SourceTitle "playchess.com"]
[Source "ChessBase"]
[SourceQuality "1"]
[WhiteTeam "Mauritius"]
[BlackTeam "STP"]
[WhiteTeamCountry "MRI"]
[TimeControl "900+10"]

1. e4 e5 2. Nf3 Nc6 3. Bb5 Nf6 4. d3 d6 5. c3 Bd7 6. O-O Be7 7. Re1 O-O 8. Ba4 a6 9. Nbd2 b5 10. Bc2 Na5 11. b4 Nb7 12. a4 c5 13. axb5 axb5 14. Rxa8 Qxa8 15. d4 Qb8 16. dxe5 dxe5 17. bxc5 Bxc5 18. Nb3 Bb6 19. Be3 Bxe3 20. Rxe3 Be6 21. h3 g6 22. Ng5 Bc4 23. Qe1 h6 24. Nf3 Rd8 25. Nfd2 Qd6 26. Nxc4 bxc4 27. Nc1 Nc5 28. Na2 Qd2 29. Nb4 Kf8 30. Re2 Qg5 31. Nd5 Nxd5 32. exd5 Rxd5 33. Be4 Nd3 34. Bxd3 cxd3 35. Rd2 Qf5 36. Qe3 Kg7 37. f3 e4 38. f4 {[%emt 0:00:00] exf3 Qxf3 Qxf3 gxf3} Kf6 39. Kf2 {[%emt 0:00:00] Ke5 Ke3} g5 40. c4 Rd4 41. Rxd3 Rxc4 42. Rd7 {[%emt 0:00:10] f5 Kf2 Kf4 Rd2} h5 {[%emt 0:01:01] Kg2 Ke3 Rf2 Rf4} 43. Kg3 Ra4 {[%emt 0:03:41] Rb2} 44. h4 {[%emt 0:00:00] Kg2} Ra3 {[%emt 0:00:12] Rc2} 45. Rd3 {[%emt 0:00:00] Rc5 Rd2+ Kf1 Kf4} Rc3 {[%emt 0:00:00] Rh2 Kg1 Rxh3 Kg2 Rg3+} 46. Kf2 g4 {[%emt 0:00:00] Rc4+ Kg5 fxg4 fxg4 Rc5+ Kg6 Rc6+ Kf5 Rc5+ Ke4 Rh5 Rf3+ Kg2 h3+} 47. Kg1 {[%emt 0:00:00] Kf4 Rb5 Kg3 Rb2} Ra3 0-1